 Dungeon Crawl Stone Soup version 0.18-a0-674-g00855b9 (webtiles) character file.

1939 xeno23 the Martial Artist (level 9, 0/69 HPs)
             Began as a Human Monk on Dec 6, 2015.
             Was a Follower of Ru.
             Slain by a giant frog (5 damage)
             ... on level 7 of the Dungeon.
             The game lasted 00:25:20 (6075 turns).

xeno23 the Martial Artist (Human Monk)              Turns: 6075, Time: 00:25:20

Health: 0/69       AC:  7    Str: 14    XL:     9   Next: 40%
Magic:  11/11      EV: 19    Int: 14    God:    Ru [*.....]
Gold:   44         SH:  0    Dex: 16    Spells: 0 memorised, 8 levels left

rFire  . . .     SeeInvis .       - Unarmed
rCold  . . .     Clarity  .     e - +0 ring mail
rNeg   . . .     SustAt   .     (no shield)
rPois  .         Gourm    .     (no helmet)
rElec  .         Spirit   .     (no cloak)
rCorr  .         Dismiss  +     n - +0 pair of gloves
rMut   .         Stasis   .     l - +0 pair of boots
MR     .....                    j - amulet of dismissal
Stlth  ++........               p - +3 ring of intelligence
                                d - +5 ring of evasion

@: not resistant to hostile enchantments, unstealthy
A: inability to train armour
a: Renounce Religion


You were on level 7 of the Dungeon.
You worshipped Ru.
Ru was aware of your devotion.
You were not hungry.

You visited 2 branches of the dungeon, and saw 8 of its levels.

You collected 275 gold pieces.
You spent 231 gold pieces at shops.

Inventory:

Hand Weapons
 f - a +2 short sword of freezing
 s - a +0 blowgun
Armour
 e - a +0 ring mail (worn)
 l - a +0 pair of boots (worn)
 n - a +0 pair of gloves (worn)
Jewellery
 d - a +5 ring of evasion (left hand)
 j - an amulet of dismissal (around neck)
 p - a +3 ring of intelligence (right hand)
 v - an uncursed ring of sustain attributes
Wands
 c - a wand of draining (7)
 x - a wand of digging (18)
 y - a wand of digging (7)
Scrolls
 i - 4 scrolls of remove curse
 k - a scroll of teleportation
 A - a scroll of fog
 B - a scroll of identify
Potions
 a - a potion of invisibility {unknown}
 m - a potion of magic
 o - a potion of cancellation
 q - 3 potions of might
 t - 4 potions of curing
 w - a potion of agility
 z - 2 potions of heal wounds
Comestibles
 b - 5 bread rations
 g - 6 fruits
 h - 4 meat rations
 r - a royal jelly


   Skills:
 + Level 6.2 Fighting
 + Level 6.0 Dodging
 + Level 4.1 Stealth
 * Level 8.7 Unarmed Combat
 + Level 2.8 Evocations


You had 8 spell levels left.
You didn't know any spells.

Dungeon Overview and Level Annotations

Branches:
Dungeon (7/15)             Temple (1/1) D:5

Altars:
Ashenzari
Cheibriados
Dithmenos
Gozag
Kikubaaqudgha
Makhleb
Pakellas
Qazlal
Ru
Sif Muna
Xom
Zin
The Shining One

Shops:
D:4 [   D:6 !

Annotations:
D:4 chonchonts's ghost, amateur KoEn


Innate Abilities, Weirdness & Mutations

You cannot train Armour skill.


Message History

The giant frog completely misses you. The hound skeleton barely misses you.
You barely miss the giant frog.
The giant frog is severely wounded.
The giant frog hits you.
* * * LOW HITPOINT WARNING * * *
The hound skeleton bites you but does no damage.
The giant frog barely misses you.
You take 6 damage.
You hit the giant frog.
The giant frog is almost dead.
The hound skeleton barely misses you. The giant frog closely misses you.
You closely miss the giant frog.
The giant frog is almost dead.
The hound skeleton misses you.
The giant frog is stunned by your will and fails to attack.
The giant frog barely misses you.
You closely miss the giant frog.
The giant frog is almost dead.
The hound skeleton misses you. The giant frog hits you.
You die...

###......._.(##
#.............(
#..............o
#.......#..##...
#.....).##>. ...
#.......#
#.......#
###.ZF### #.(@#
#####


You could see a giant frog and a hound skeleton.

Vanquished Creatures
  A necrophage (D:7)
  A phantom (D:6)
  6 ogres
  An orc warrior (D:6)
  4 centaurs
  A giant frog (D:7)
  2 scorpions
  4 orc wizards
  A centaur skeleton (D:6)
  5 hounds
  2 giant frog skeletons
  3 orc priests
  2 worker ants
  A worker ant zombie (D:6)
  7 adders
  3 shadow imps
  An ooze (D:1)
  An adder zombie (D:7)
  An adder skeleton (D:6)
  5 worms
  25 orcs
  6 bats
  7 goblins
  7 hobgoblins
  8 kobolds
  2 quokkas
  2 ball pythons
  5 giant cockroaches
  4 giant geckos
  7 giant newts
  10 jackals
  9 rats
144 creatures vanquished.

Notes
Turn   | Place    | Note
--------------------------------------------------------------
     0 | D:1      | xeno23 the Human Monk began the quest for the Orb.
     0 | D:1      | Reached XP level 1. HP: 18/18 MP: 1/1
   332 | D:1      | Reached XP level 2. HP: 14/24 MP: 2/2
   613 | D:1      | Reached XP level 3. HP: 29/29 MP: 3/3
  1377 | D:2      | Reached XP level 4. HP: 28/35 MP: 4/4
  1508 | D:2      | Found a glowing silver altar of Zin.
  1751 | D:3      | Reached skill level 5 in Unarmed Combat
  1831 | D:3      | Reached XP level 5. HP: 39/41 MP: 5/5
  2283 | D:4      | Noticed an ogre
  2302 | D:4      | Killed an ogre
  2302 | D:4      | Reached skill level 6 in Unarmed Combat
  2302 | D:4      | Reached XP level 6. HP: 40/48 MP: 6/6
  2418 | D:4      | Reached XP level 7. HP: 37/54 MP: 7/7
  2647 | D:4      | Noticed chonchonts's ghost (amateur KoEn)
  2997 | D:4      | Found Tenekyel's Armour Boutique.
  3011 | D:4      | Reached skill level 7 in Unarmed Combat
  3114 | D:5      | Entered Level 5 of the Dungeon
  3189 | D:5      | Reached skill level 5 in Fighting
  3497 | D:5      | Reached skill level 5 in Dodging
  3497 | D:5      | Reached XP level 8. HP: 62/62 MP: 8/8
  3653 | D:5      | Found a stormy altar of Qazlal.
  3655 | D:5      | Found a staircase to the Ecumenical Temple.
  3689 | Temple   | Entered the Ecumenical Temple
  3731 | Temple   | Became a worshipper of Ru the Awakened
  3746 | Temple   | Gained mutation: You cannot train Armour skill. [Ru sacrifice]
  3746 | Temple   | Reached * piety under Ru
  4085 | D:5      | Found a snail-covered altar of Cheibriados.
  4643 | D:6      | Reached skill level 1 in Evocations
  4669 | D:6      | Found Waqoch's Distillery.
  4696 | D:6      | Bought a potion of heal wounds for 55 gold pieces
  4696 | D:6      | Bought a potion of heal wounds for 55 gold pieces
  4696 | D:6      | Bought 2 potions of might for 88 gold pieces
  4696 | D:6      | Bought a potion of curing for 33 gold pieces
  5431 | D:6      | Reached skill level 8 in Unarmed Combat
  5525 | D:6      | Reached XP level 9. HP: 69/69 MP: 10/10
  5765 | D:7      | Found a shimmering altar of Xom.
  5879 | D:7      | Found an ancient bone altar of Kikubaaqudgha.
  6075 | D:7      | Slain by a giant frog

Vault maps used:
D:1:      shiori_shiawase, kennysheep_another_room
D:2:      zin_academy
D:3:      corexii_leaking_fountain, grunt_ministairs_6
D:4:      serial_shops, shop_statue
D:5:      overflow_temple_1_default, minmay_temple_entry_butterflies,
          first_bread, basic_altar
D:6:      serial_shops, shop
D:7:      xom_teletrap_fun, basic_altar, grunt_ogre_cave
Temple:   minmay_temple_bridge_b_8

Action                   |  1- 3 |  4- 6 |  7- 9 || total
-------------------------+-------+-------+-------++-------
Melee: Unarmed           |   126 |   173 |   396 ||   695
       Short sword       |     5 |     3 |       ||     8
 Fire: Blowgun           |       |    10 |    39 ||    49
Invok: Sacrifice Durabil |       |       |     1 ||     1
  Use: Potion            |       |     3 |       ||     3
       Scroll            |       |       |    14 ||    14
 Stab: Sleeping          |     1 |     1 |     3 ||     5
       Distracted        |       |       |     1 ||     1
  Eat: Chunk             |     2 |     3 |    13 ||    18
